 Dungeon Crawl Stone Soup version 0.27-a0-67-g4bfc8a49e1 (webtiles) character file.

Game seed: 12290596925740891958

25 Morbidden the Sneak (level 3, 0/18 HPs)
             Began as a Vine Stalker Brigand on Jan 9, 2021.
             Succumbed to an adder's poison
             ... on level 1 of the Dungeon.
             The game lasted 00:00:55 (925 turns).

Morbidden the Sneak (Vine Stalker Brigand)           Turns: 925, Time: 00:00:56

Health: 0/18       AC:  4    Str: 13    XL:     3   Next: 6%
Magic:  4/4        EV: 11    Int: 12    God:
Gold:   71         SH:  0    Dex: 15    Spells: 3/3 levels left

rFire    . . .     SeeInvis .   a - +2 dagger
rCold    . . .     Faith    .   (no shield)
rNeg     . . .     Spirit   +   b - +0 robe
rPois    .         Reflect  .   k - +0 helmet
rElec    .         Harm     .   c - +0 cloak
rCorr    .         Rampage  .   (no gloves)
Will     .....                  (no boots)
Stlth    +++.......             (no amulet)
HPRegen  0.06/turn              (no ring)
MPRegen  0.09/turn              (no ring)

@: lethally poisoned (0 -> -12)
A: fangs 2, magic shield, antimagic bite, no potion heal 3
a: no special abilities


You were on level 1 of the Dungeon.
You visited 1 branch of the dungeon, and saw 2 of its levels.

You collected 71 gold pieces.

Inventory:

Hand Weapons
 a - a +2 dagger (weapon)
Missiles
 d - 23 poisoned darts (quivered)
 e - 2 curare-tipped darts
 m - 2 stones
Armour
 b - a +0 robe (worn)
 c - a +0 cloak (worn)
 k - a +0 helmet (worn)
Scrolls
 h - a scroll of teleportation {unknown}
Potions
 g - a potion of flight
 j - a potion of curing {unknown}
 l - a potion of haste {unknown}


   Skills:
 * Level 2.0 Fighting
 + Level 1.8 Short Blades
 + Level 1.7 Throwing
 + Level 0.8 Dodging
 + Level 5.7 Stealth
 * Level 0.6 Spellcasting


You had 3 spell levels left.
You didn't know any spells.
Your spell library was empty.

Dungeon Overview and Level Annotations

Branches:
Dungeon (2/15)

Altars:


Innate Abilities, Weirdness & Mutations

You have extremely sharp teeth.
When hurt, damage is shared between your health and your magic reserves.
Your bite disrupts and absorbs the magic of your enemies.
Potions cannot restore your health.


Message History

You feel sick.
There is a stone staircase leading down here.
Unknown command.
Okay, then.
It was a potion of flight.
You feel very buoyant.
You fly up into the air.
Unknown command.
It was a potion of ambrosia.
You are confused.
Your system rejects the healing.
You feel invigorated.
* * * LOW HITPOINT WARNING * * *
You feel sick.
Unknown command.
It was a potion of cancellation.
Your magical effects are unravelling.
You feel magically purged.
You feel less invigorated.
You float gracefully downwards.
You feel less confused.
You die...

#######..##
.....'....#
.....#....#
#######..##
..8...##'#
.P....#..#
P.P.P.#..#
...P.8#..#
###############
P...P.#..#
#@............##
.P.P..#..#♣
#.######.####..#
..P.......♣ #.#
#.# ##.##
..........♣ #.#
#.# #..#
####).....♣ #.#
#.# ##.##
.........♣♣ #.#
#.# #..#
.........♣ #.#
#.# ##.#
####....♣♣ #.#
#.# #.#
........♣ #.#
#.# #[.


There were no monsters in sight!

Vanquished Creatures
  An adder (D:2)
  A leopard gecko (D:1)
  A ball python (D:1)
  3 bats (D:1)
  A giant cockroach (D:1)
  3 goblins (D:1)
  A hobgoblin (D:1)
  2 kobolds (D:1)
  A frilled lizard (D:1)
  A rat (D:1)
15 creatures vanquished.

Notes
Turn   | Place    | Note
-------+----------+-------------------------------------------
     0 | D:1      | Morbidden the Vine Stalker Brigand began the quest for the
                  | Orb.
     0 | D:1      | Reached XP level 1. HP: 11/11 MP: 2/2
    25 | D:1      | Reached skill level 5 in Stealth
   241 | D:1      | Reached XP level 2. HP: 15/15 MP: 3/3
   921 | D:2      | Reached XP level 3. HP: 4/18 MP: 1/4
   925 | D:1      | Succumbed to an adder's poison

Illustrated notes

Levels and vault maps discovered:
D:1:      sevenhm_arrival_forest_fort_large_4, layout_basic
D:2:      layout_rooms, chequers_ecumenical_altar_simple_redux,
          amcnicky_mini_rare_corridor_liquid, minmay_quadrilaterals,
          uniq_sigmund, uniq_jessica

Skill      XL: |  1  2 |
---------------+-------+-----
Stealth        | 5 |  5.7
Fighting       | 2 |  2.0
Short Blades   | |  1.8
Throwing       | |  1.7
Dodging        | |  0.8
Spellcasting   | |  0.6

Action                   || total
-------------------------++-------
Melee: Dagger            ||    46
       Bite              ||     7
  Use: Potion            ||     3
 Stab: Sleeping          ||     3
Armor: Robe              ||    13
Dodge: Dodged            ||    28

Table legend: (Time is in decaauts)
 A = Elapsed time spent in this place.
 B = Non-inter-level travel time spent in this place.
 C = Inter-level travel time spent in this place.
 D = Time resting spent in this place.
 E = Time spent auto-exploring this place.
 F = Levels seen in this place.
 G = Mean time per level.
                   A        B        C        D        E       F      G
               +--------+--------+--------+--------+--------+-----+--------+
         Total |    922 |    862 |     60 |      0 |    731 |   2 |  461.0 |
       Dungeon |    922 |    862 |     60 |      0 |    731 |   2 |  461.0 |
               +--------+--------+--------+--------+--------+-----+--------+

Top non-repeatable levels by time:
     D:1: 912 daAuts
     D:2: 9 daAuts
